 Dungeon Crawl Stone Soup version 0.28.0-45-g0d030f2227 (webtiles) character file.

Game seed: 16867144766319577472

200 hawla the Stinger (level 5, -4/39 HPs)
             Began as a Draconian Venom Mage on Apr 24, 2022.
             Killed from afar by an orc wizard (5 damage)
             ... with a magic dart
             ... on level 4 of the Dungeon.
             The game lasted 00:12:05 (3929 turns).

hawla the Stinger (Draconian Venom Mage)            Turns: 3929, Time: 00:12:05

Health: -4/39      AC:  5    Str: 10    XL:     5   Next: 48%
Magic:  2/10       EV: 12    Int: 17    God:
Gold:   68         SH:  0    Dex: 12    Spells: 0/10 levels left

rFire   . . .      SeeInvis .   f - +1 dagger (vamp)
rCold   . . .      Faith    .   (no shield)
rNeg    . . .      Spirit   .   (armour unavailable)
rPois   .          Reflect  .   (helmet restricted)
rElec   .          Harm     .   (no cloak)
rCorr   .          Rampage  .   (no gloves)
Will    .....                   (no boots)
Stlth   ++........              (no amulet)
HPRegen 0.13/turn               (no ring)
MPRegen 0.12/turn               (no ring)

@: no status effects
A: AC +5, unfitting armour, cold-blooded
a: no special abilities


You were on level 4 of the Dungeon.
You visited 1 branch of the dungeon, and saw 4 of its levels.

You collected 68 gold pieces.

Inventory:

Hand Weapons
 f - a +1 vampiric dagger (weapon)
Missiles
 a - 4 poisoned darts (quivered)
Jewellery
 b - a ring of fire
 e - a +6 ring of dexterity


   Skills:
 + Level 0.4 Fighting
 + Level 2.1 Dodging
 + Level 2.0 Stealth
 + Level 3.3 Spellcasting
 + Level 2.2 Transmutations
 + Level 1.2 Air Magic
 + Level 4.2 Poison Magic


You couldn't memorise any spells.
You knew the following spells:

 Your Spells              Type           Power      Damage    Failure   Level
a - Sting                 Tmut/Pois      52%        1d5       4%          1
b - Poisonous Vapours     Pois/Air       24%        N/A       9%          2
c - Olgreb's Toxic Radia  Pois           17%        N/A       28%         4
d - Vampiric Draining     Necr           3%         2d6       45%         3

Your spell library contained the following spells:

 Spells                   Type           Power      Damage    Failure   Level
 Spider Form              Tmut/Pois      13%        N/A       13%         3
 Animate Skeleton         Necr           6%         N/A       17%         1
 Pain                     Necr           12%        1d4       17%         1
 Mephitic Cloud           Conj/Pois/Air  9%         N/A       24%         3
 Ensorcelled Hibernation  Hex/Ice        4%         N/A       26%         2
 Anguish                  Hex/Necr       1%         N/A       86%         4


Dungeon Overview and Level Annotations

Branches:
Dungeon (4/15)
 Temple: D:4-7

Altars:
Yredelemnul


Innate Abilities, Weirdness & Mutations

Your plain brown scales are hard. (AC +5)
You cannot fit into any form of body armour.
You are cold-blooded and may be slowed by cold attacks.


Message History

The orc warrior hits you with a +0 battleaxe.
The orc wizard hits you with a +0 dagger.
You closely miss the orc wizard.
Your tail-slap misses the orc wizard.
The orc wizard is severely wounded.
A hound comes into view.
The orc wizard barely misses you. The orc warrior barely misses you.
The orc wizard closely misses you.
Casting: Olgreb's Toxic Radiance (extremely dangerous; 30% risk of failure)
Confirm with . or Enter, or press ? or * to list all spells.
The spell is quite dangerous to miscast (45% risk of failure)!
Continue anyway?
Aiming: Vampiric Draining (quite dangerous; 45% risk of failure)
Press: ? - help, Shift-Dir - straight line, f - orc warrior
Aim: an orc warrior, wielding a +0 battleaxe and wearing a +0 chain mail (heavily wounded, poisoned)
You draw life force from the orc warrior!
You feel life coursing into your body.
The hound barks!
The orc warrior closely misses you. The orc wizard casts a spell at you.
The puff of flame misses you.
The puff of flame hits the orc wizard.
The orc wizard dies!
Casting: Vampiric Draining (quite dangerous; 45% risk of failure)
Confirm with . or Enter, or press ? or * to list all spells.
You don't have enough magic to cast this spell.
You hit the orc wizard.
You feel better.
You tail-slap the orc wizard, but do no damage.
The orc wizard is almost dead.
The orc warrior closely misses you.
You hit something.
You feel better.
Your tail-slap misses something.
The orc wizard casts a spell.
The orc wizard flickers and vanishes!
The orc warrior barely misses you. Something hits you.
You hit something but do no damage.
The orc warrior hits you with a +0 battleaxe!
* * * LOW HITPOINT WARNING * * *
Something hits you.
* * * LOW HITPOINT WARNING * * *
You hear some strange, mumbled words.
A magic dart appears from out of thin air!
The magic dart hits you.
You die...

##+####### #.........
#........# ###########
#........#
..........#####......(.#
###<..........)........#
#........####.)?.....#
#........# #o@{.....#
##.......# #.{h......
#...##### #........>
#...# .......... #...#
......###.. ###...#
.......# . #.....#
........# #.....#
#........# #[...##


You could see an orc warrior (poisoned) and a hound.

Vanquished Creatures
  An orc priest (D:3)
  2 orc wizards (D:3)
  Robin (D:3)
  2 adders (D:2)
  2 worms
  A dart slug (D:2)
  5 orcs (D:3)
  5 bats
  5 endoplasms
  2 giant cockroaches
  10 goblins
  5 hobgoblins
  A quokka (D:1)
  5 ball pythons
  3 frilled lizards
  8 kobolds
  6 rats
64 creatures vanquished.

Vanquished Creatures (others)
  An orc wizard (D:4)
  2 fungi (D:2)
  2 plants (D:2)
5 creatures vanquished.

Grand Total: 69 creatures vanquished

Notes
Turn   | Place    | Note
-------+----------+-------------------------------------------
     0 | D:1      | hawla the Draconian Venom Mage began the quest for the Orb.
     0 | D:1      | Reached XP level 1. HP: 14/14 MP: 3/3
     2 | D:1      | Noticed a formicid
     2 | D:1      | Noticed a ghoul
     4 | D:1      | Noticed a dwarf
     4 | D:1      | Noticed a minotaur
     6 | D:1      | Noticed an octopode
     8 | D:1      | Noticed a demonspawn
     8 | D:1      | Noticed a vine stalker
    10 | D:1      | Noticed a naga
    13 | D:1      | Noticed a merfolk
    15 | D:1      | Noticed an elf
    15 | D:1      | Noticed a vampire
    17 | D:1      | Noticed a troll
    17 | D:1      | Noticed a human
    19 | D:1      | Noticed a felid
    21 | D:1      | Noticed a gargoyle
    21 | D:1      | Noticed an ogre
    23 | D:1      | Noticed a spriggan
    25 | D:1      | Noticed a demigod
    25 | D:1      | Noticed a tengu
    27 | D:1      | Noticed a draconian
   318 | D:1      | Reached XP level 2. HP: 20/20 MP: 1/5
   321 | D:1      | Learned a level 2 spell: Poisonous Vapours
  1746 | D:2      | Reached XP level 3. HP: 26/26 MP: 0/6
  1857 | D:2      | Found a faded altar of an unknown god.
  2224 | D:3      | Found a basalt altar of Yredelemnul.
  2478 | D:3      | Reached XP level 4. HP: 32/33 MP: 0/8
  2483 | D:3      | Learned a level 4 spell: Olgreb's Toxic Radiance
  2565 | D:3      | Noticed Robin
  2578 | D:3      | Killed Robin
  2579 | D:3      | Reached skill level 1 in Air Magic
  3278 | D:3      | Reached skill level 4 in Poison Magic
  3278 | D:3      | Reached XP level 5. HP: 22/38 MP: 3/9
  3880 | D:4      | Learned a level 3 spell: Vampiric Draining
  3919 | D:4      | Noticed an orc warrior
  3929 | D:4      | HP: 1/39 [something (2)]
  3929 | D:4      | Killed from afar by an orc wizard

Illustrated notes

Levels and vault maps discovered:
D:1:      kb_arrival_jail, layout_basic
D:2:      layout_basic, shapermc_ecumenical_altar_acropolis,
          nicolae_elevator_lobby_plus
D:3:      layout_rooms, yredelemnul_altar_generic, serial_aquarium,
          aquarium_bridge_island_small [aquarium_subvault_small_water,
          aquarium_subvault_bridge, aquarium_subvault_balcony,
          aquarium_subvault_balcony, aquarium_subvault_bridge],
          aquarium_bridge_long_joined [aquarium_subvault_bridge,
          aquarium_subvault_window, aquarium_subvault_window,
          aquarium_subvault_bridge, aquarium_subvault_window,
          aquarium_subvault_wall], aquarium_window_3, aquarium_window_corner,
          aquarium_window_1, aquarium_view_2d, aquarium_view_2g,
          aquarium_pool_S, minmay_circle_x, uniq_robin
D:4:      layout_basic, roderic_roman_lattice, nicolae_shop_clearance,
          uniq_sigmund

Skill      XL: |  1  2  3  4 |
---------------+-------------+-----
Transmutations | 2 |  2.2
Air Magic      | 1 |  1.2
Spellcasting   | 3 |  3.3
Dodging        | 2 |  2.1
Stealth        | 2 |  2.0
Poison Magic   | 4 |  4.2
Fighting       | |  0.4

Action                   |  1- 3 |  4- 6 || total
-------------------------+-------+-------++-------
Melee: Unarmed           |    30 |     4 ||    34
       Tailslap          |     7 |    11 ||    18
       Punch             |     1 |     1 ||     2
       Dagger            |       |    54 ||    54
Throw: Dart              |     2 |       ||     2
 Cast: Sting             |    45 |    18 ||    63
       Poisonous Vapours |    29 |     6 ||    35
       Olgreb's Toxic Ra |       |     4 ||     4
       Vampiric Draining |       |     2 ||     2
  Use: Scroll            |     3 |     1 ||     4
       Potion            |       |     2 ||     2
 Stab: Distracted        |       |     1 ||     1
Armor: Skin              |    17 |    26 ||    43
Dodge: Dodged            |    31 |    52 ||    83
